 Dungeon Crawl Stone Soup version 0.22.0-16-gc6d26f69f9 (webtiles) character file.

23799 ILYA101 the Spear-Bearer (level 12, -4/105 HPs)
             Began as a Grey Draconian Fighter on Aug 17, 2018.
             Was the Champion of the Shining One.
             Slain by an orc warlord
             ... wielding a +3 great sword of slicing
              (7 damage)
             ... on level 1 of the Orcish Mines.
             The game lasted 00:38:35 (10868 turns).

ILYA101 the Spear-Bearer (Grey Draconian Fighter)  Turns: 10868, Time: 00:38:36

Health: -4/105     AC: 19    Str: 20    XL:     12   Next: 75%
Magic:  16/16      EV: 21    Int: 10    God:    the Shining One [******]
Gold:   906        SH: 15    Dex: 17    Spells: 11/11 levels left

rFire    + . .     SeeInvis .   a - +0 trident
rCold    . . .     Gourm    .   e - +3 shield {AC+3}
rNeg     + + +     Faith    .   (armour unavailable)
rPois    .         Spirit   .   z - +2 hat
rElec    .         Reflect  .   (no cloak)
rCorr    .         Harm     .   k - +0 pair of gloves
MR       .....                  (no boots)
Stlth    +.........             j - amulet of regeneration
HPRegen  0.67/turn              l - ring of flight
MPRegen  0.15/turn              m - +4 ring of evasion

@: glowing
A: walk through water, unfitting armour, agile 1, fire resistance 1, strong 1,
wild magic 1, unbreathing, cold-blooded, AC +13
a: Divine Shield, Cleansing Flame, Summon Divine Warrior, Brand Weapon With Holy
Wrath, Renounce Religion, Evoke Flight


You were on level 1 of the Orcish Mines.
You worshipped the Shining One.
The Shining One was exalted by your worship.
You were not hungry.

You visited 3 branches of the dungeon, and saw 14 of its levels.
You also visited: Ossuary.

You collected 1497 gold pieces.
You spent 591 gold pieces at shops.

Inventory:

Hand Weapons
 a - a +0 trident (weapon)
 H - a +0 halberd
Armour
 e - a +3 shield of protection (worn)
 k - a +0 pair of gloves (worn)
 z - a +2 hat (worn)
 B - the +3 warlock's mirror {reflect}
   (You found it on level 8 of the Dungeon)
 C - a cursed +0 cloak
Jewellery
 c - a cursed ring of teleportation
 j - an amulet of regeneration (around neck)
 l - a ring of flight (left hand)
 m - a +4 ring of evasion (right hand)
 G - an uncursed ring of protection from fire {unknown}
Wands
 q - a wand of enslavement (6)
 s - a wand of disintegration (14)
Scrolls
 f - 8 scrolls of teleportation
 o - 5 scrolls of remove curse
 p - 4 scrolls of amnesia
 t - 2 scrolls of noise {unknown}
 x - a scroll of enchant weapon {unknown}
 y - a scroll of magic mapping
 A - a scroll of silence {unknown}
 F - 2 scrolls of immolation {unknown}
 J - a scroll of blinking {unknown}
 K - a scroll of fog
Potions
 b - 3 potions of flight
 g - 4 potions of curing
 h - 4 potions of lignification
 i - 3 potions of cancellation
 n - a potion of invisibility
 r - 3 potions of haste
 w - 2 potions of resistance
 D - a potion of brilliance
Comestibles
 d - 25 rations
 v - 22 chunks of flesh


   Skills:
 + Level 9.4 Fighting
 + Level 13.6 Polearms
 + Level 8.6 Dodging
 + Level 2.2 Stealth
 + Level 10.8 Shields
 * Level 5.3 Invocations


You had 11 spell levels left.
You didn't know any spells.
Your spell library contained the following spells:

 Spells                   Type           Power        Failure   Level  Hunger
 Magic Dart               Conj           #...         63%         1    ##.....
 Iskenderun's Mystic Bla  Conj           #.......     100%        4    #####..
 Spider Form              Tmut/Pois      #.........   92%         3    ####...
 Blade Hands              Tmut           #.........   100%        5    ######.
 Ice Form                 Ice/Tmut       #.......     100%        4    #####..
 Sticks to Snakes         Tmut           #.......     75%         2    ###....
 Beastly Appendage        Tmut           #.....       63%         1    ##.....
 Fulminant Prism          Conj/Hex       #.........   100%        4    #####..
 Dazzling Spray           Conj/Hex       #.....       92%         3    ####...
 Force Lance              Conj/Tloc      #.......     100%        4    #####..
 Searing Ray              Conj           #.....       75%         2    ###....


Dungeon Overview and Level Annotations

Branches:
Dungeon (11/15)            Temple (1/1) D:4            Lair (0/6) D:8
    Orc (2/2) D:11
    Elf: Orc:2

Altars:
Ashenzari
Fedhas
Gozag
Hepliaklqana
Makhleb
Nemelex Xobeh
Okawaru
Qazlal
Trog
Xom
Zin
The Shining One

Shops:
D:6 !   D:11 [


Innate Abilities, Weirdness & Mutations

You can walk through water.
Your dull iron-grey scales are very hard. (AC +13)
You cannot fit into any form of body armour.
You can survive without breathing.
You are cold-blooded and may be slowed by cold attacks.
You are agile. (Dex +2)
Your flesh is heat resistant. (rF+)
Your muscles are strong. (Str +2)
Your spells are a little harder to cast, but a little more powerful.


Message History

The orc warlord is moderately wounded.
You completely miss the orc warlord.
You tail-slap the orc warlord, but do no damage.
The orc warlord is moderately wounded.
You block the orc warlord's attack.
You puncture the orc warlord!
You tail-slap the orc warlord, but do no damage.
The orc warlord is heavily wounded.
You completely miss the orc warlord.
You tail-slap the orc warlord, but do no damage.
The orc warlord is heavily wounded.
The orc warlord hits you with a great sword of slicing!
The Shining One protects you from harm!
* * * LOW HITPOINT WARNING * * *
You hit the orc warlord but do no damage.
The orc warlord is heavily wounded.
You hit the orc warlord.
The orc warlord is heavily wounded.
The orc warlord hits you with a great sword of slicing!
You die...

########..##
####.##..)....##
#####.#......))....#
##.##........).###.##
#......#....)##.####
##.##..##...##...#
####......#....####
##.#......o......#.##
##......#..@.........#
#........#.......##.##
##......#........####
### #................#
##.####..............##
#...#....#..........##
##.........#..#.......#
#....#.##........#...##
##.....#........#.####


You could see an orc warlord.

Vanquished Creatures
  Gastronok (D:8)
  Josephine (D:10)
  2 hydras
  Erica (D:11)
  4 two-headed ogres
  2 unseen horrors
  A cyclops (Orc:2)
  An ugly thing (D:10)
  2 manticores
  2 gargoyles
  2 trolls
  Prince Ribbit (D:5)
  2 hippogriffs
  A spriggan (D:7)
  A vampire (D:8)
  5 wraiths
  6 yaks (D:11)
  A water elemental (D:11)
  2 hungry ghosts
  2 wargs (Orc:1)
  Menkaure (Ossuary)
  An acid dragon (D:11)
  2 ice beasts
  An eye of draining (D:8)
  2 sky beasts
  2 necrophages
  23 orc warriors
  5 ogres
  4 phantoms
  7 wolves
  3 centaurs (D:10)
  A big kobold (D:11)
  A gnoll sergeant (D:11)
  8 bullfrogs
  5 scorpions
  3 killer bees (D:6)
  3 spriggan skeletons (D:11)
  An electric eel (D:11)
  3 wights (D:8)
  A troll skeleton (D:11)
  7 howler monkeys
  9 crimson imps
  3 bullfrog zombies
  4 centaur zombies
  3 quasits
  4 centaur skeletons
  7 jellies
  19 orc priests
  6 hounds
  28 orc wizards
  A bullfrog skeleton (D:9)
  Natasha (thrice) (D:2)
  8 iguanas
  8 worker ants
  2 hound zombies
  A hound skeleton (D:7)
  3 mummies
  7 gnolls
  10 adders
  A shadow imp (D:11)
  2 oozes
  2 worms (D:3)
  2 dart slugs
  10 leopard geckos
  72 orcs
  A ball python (D:7)
  7 bats
  8 giant cockroaches
  6 gnoll zombies (Ossuary)
  14 goblins
  11 hobgoblins
  6 jackals
  4 quokkas
  8 frilled lizards
  3 goblin zombies (Ossuary)
  2 hobgoblin skeletons (Ossuary)
  11 kobolds
  3 kobold skeletons (Ossuary)
  A kobold zombie (Ossuary)
  A leopard gecko zombie (D:9)
  2 orc skeletons (Ossuary)
  4 orc zombies
  A quokka skeleton (D:10)
  2 quokka zombies
  9 rats
  3 rat skeletons (Ossuary)
  4 rat zombies (Ossuary)
450 creatures vanquished.

Vanquished Creatures (others)
  A crimson imp (D:11)
  A mummy (Ossuary)
  3 gnoll skeletons (Ossuary)
  3 goblin skeletons (Ossuary)
  3 goblin zombies (Ossuary)
  4 hobgoblin skeletons (Ossuary)
  3 hobgoblin zombies (Ossuary)
  2 kobold skeletons (Ossuary)
  2 kobold zombies (Ossuary)
  3 rat skeletons (Ossuary)
  A rat zombie (Ossuary)
26 creatures vanquished.

Grand Total: 476 creatures vanquished

Notes
Turn   | Place    | Note
-------+----------+-------------------------------------------
     0 | D:1      | ILYA101 the Draconian Fighter began the quest for the Orb.
     0 | D:1      | Reached XP level 1. HP: 19/19 MP: 1/1
   298 | D:1      | Reached XP level 2. HP: 26/26 MP: 2/2
   673 | D:2      | Noticed Natasha
   685 | D:2      | Killed Natasha
   685 | D:2      | Reached XP level 3. HP: 5/31 MP: 3/3
   931 | D:2      | Reached skill level 3 in Polearms
   936 | D:2      | Noticed Natasha
   949 | D:2      | Killed Natasha
   949 | D:2      | Reached XP level 4. HP: 39/40 MP: 4/4
  1047 | D:2      | Noticed Natasha
  1069 | D:2      | Killed Natasha
  1274 | D:2      | Reached XP level 5. HP: 41/46 MP: 5/5
  1607 | D:3      | Found a hazy altar of Hepliaklqana.
  1613 | D:3      | Found a glowing silver altar of Zin.
  1747 | D:3      | Reached skill level 4 in Polearms
  2070 | D:3      | Found an opulent altar of Gozag.
  2070 | D:3      | Found a sparkling altar of Nemelex Xobeh.
  2305 | D:4      | Reached XP level 6. HP: 52/52 MP: 6/6
  2317 | D:4      | Found a sand-covered staircase.
  2332 | Ossuary  | Entered an ossuary
  2595 | Ossuary  | Noticed Menkaure
  2602 | Ossuary  | Killed Menkaure
  2757 | D:4      | Found a glowing drain.
  3124 | D:4      | Found a shimmering altar of Xom.
  3134 | D:4      | Reached skill level 5 in Polearms
  3184 | D:4      | Your scales start taking on a dull iron-grey colour.
  3184 | D:4      | Reached XP level 7. HP: 59/60 MP: 7/7
  3184 | D:4      | Gained mutation: You can survive without breathing. [Grey Draconian growth]
  3327 | D:4      | Found a staircase to the Ecumenical Temple.
  3340 | Temple   | Entered the Ecumenical Temple
  3360 | Temple   | Became a worshipper of the Shining One
  3436 | D:5      | Entered Level 5 of the Dungeon
  3741 | D:5      | Noticed Prince Ribbit
  3759 | D:5      | Killed Prince Ribbit
  3759 | D:5      | Reached skill level 6 in Polearms
  3759 | D:5      | Reached skill level 5 in Shields
  3899 | D:5      | Reached XP level 8. HP: 66/67 MP: 8/8
  4179 | D:6      | Reached * piety under the Shining One
  4248 | D:6      | Found a blossoming altar of Fedhas.
  4261 | D:6      | Reached skill level 7 in Polearms
  4261 | D:6      | Reached skill level 1 in Stealth
  4357 | D:6      | Found Ocremumo's Distillery.
  4363 | D:6      | Bought a potion of heal wounds for 60 gold pieces
  4363 | D:6      | Bought a potion of agility for 48 gold pieces
  4363 | D:6      | Bought a potion of degeneration for 12 gold pieces
  4363 | D:6      | Bought a potion of lignification for 36 gold pieces
  4363 | D:6      | Bought a potion of heal wounds for 60 gold pieces
  4363 | D:6      | Bought a potion of resistance for 120 gold pieces
  4374 | D:6      | Reached skill level 5 in Fighting
  4468 | D:6      | Found a burning altar of Makhleb.
  4468 | D:6      | Noticed a green death
  4783 | D:6      | Gained mutation: You are agile. (Dex +2) [potion of mutation]
  4783 | D:6      | Gained mutation: Your spells are a little harder to cast, but a little more powerful. [potion of mutation]
  4783 | D:6      | Gained mutation: Your flesh is heat resistant. (rF+) [potion of mutation]
  4783 | D:6      | Gained mutation: Your muscles are strong. (Str +2) [potion of mutation]
  4902 | D:7      | Reached skill level 8 in Polearms
  5036 | D:7      | Reached ** piety under the Shining One
  5042 | D:7      | Reached skill level 5 in Dodging
  5042 | D:7      | Reached XP level 9. HP: 74/74 MP: 9/9
  5576 | D:7      | Found a stormy altar of Qazlal.
  5774 | D:8      | Reached skill level 9 in Polearms
  6026 | D:8      | Found a shattered altar of Ashenzari.
  6054 | D:8      | Found the +3 warlock's mirror {reflect}
  6109 | D:8      | Found a glowing golden altar of the Shining One.
  6188 | D:8      | Noticed Gastronok
  6189 | D:8      | Found a staircase to the Lair.
  6223 | D:8      | Killed Gastronok
  6223 | D:8      | Reached skill level 10 in Polearms
  6223 | D:8      | Reached XP level 10. HP: 51/86 MP: 10/10
  6302 | D:8      | Reached *** piety under the Shining One
  6840 | D:9      | Reached skill level 11 in Polearms
  7137 | D:9      | Reached **** piety under the Shining One
  7165 | D:10     | Entered Level 10 of the Dungeon
  7223 | D:10     | Noticed a gargoyle
  7246 | D:10     | Noticed a two-headed ogre
  7262 | D:10     | Killed a gargoyle
  7272 | D:10     | Killed a two-headed ogre
  7272 | D:10     | Reached XP level 11. HP: 56/93 MP: 11/11
  7518 | D:10     | Noticed Josephine
  7541 | D:10     | Killed Josephine
  7732 | D:10     | Reached skill level 12 in Polearms
  8046 | D:10     | Noticed an unseen horror
  8059 | D:10     | Killed an unseen horror
  8082 | D:10     | Reached ***** piety under the Shining One
  8538 | D:11     | Noticed an eight-headed hydra
  8608 | D:11     | Killed an eight-headed hydra
  8608 | D:11     | Reached skill level 1 in Invocations
  8728 | D:11     | Noticed a four-headed hydra
  8751 | D:11     | Noticed a cyan ugly thing
  8795 | D:10     | Killed a cyan ugly thing
  8900 | D:10     | Killed a four-headed hydra
  9059 | D:11     | Reached XP level 12. HP: 75/103 MP: 13/13
  9158 | D:11     | Noticed a two-headed ogre
  9172 | D:11     | Killed a two-headed ogre
  9190 | D:11     | Found Camolora's Antique Armour Boutique.
  9198 | D:11     | Bought a glowing cloak for 255 gold pieces
  9254 | D:11     | Reached skill level 13 in Polearms
  9269 | D:11     | Noticed a two-headed ogre
  9425 | D:11     | Reached skill level 10 in Shields
  9474 | D:11     | Killed a two-headed ogre
  9494 | D:11     | Noticed Erica
  9523 | D:11     | Killed Erica
  9684 | D:11     | Found a staircase to the Orcish Mines.
  9781 | Orc:1    | Entered Level 1 of the Orcish Mines
  9969 | Orc:1    | Noticed a two-headed ogre
 10009 | Orc:1    | Killed a two-headed ogre
 10288 | Orc:2    | Entered Level 2 of the Orcish Mines
 10477 | Orc:2    | Reached ****** piety under the Shining One
 10485 | Orc:2    | Reached skill level 5 in Invocations
 10790 | Orc:2    | Noticed an orc warlord
 10860 | Orc:1    | HP: 1/105 [orc warlord/great sword of slicing (28)]
 10860 | Orc:1    | The Shining One protects you from harm!
 10866 | Orc:1    | The Shining One protects you from harm!
 10866 | Orc:1    | HP: 2/105 [orc warlord/great sword of slicing (1)]
 10868 | Orc:1    | Slain by an orc warlord

Skill      XL: |  1  2  3  4  5  6  7  8  9 10 11 12 |
---------------+-------------------------------------+-----
Polearms       | 3 4 5 6 8 10 11 12 13 | 13.6
Dodging        | 3 4 5 6 7 8 |  8.6
Shields        | 4 5 6 7 8 9 10 | 10.8
Fighting       | 4 5 7 8 9 |  9.4
Stealth        | 1 2 |  2.2
Invocations    | 2 5 |  5.3

Action                   |  1- 3 |  4- 6 |  7- 9 | 10-12 || total
-------------------------+-------+-------+-------+-------++-------
Melee: Trident           |    77 |   399 |   488 |  1391 ||  2355
       Tailslap          |     7 |    35 |    74 |   242 ||   358
  Use: Scroll            |     2 |    10 |     7 |     3 ||    22
       Potion            |     2 |       |     1 |     6 ||     9
 Stab: Sleeping          |     1 |     3 |       |       ||     4
       Distracted        |       |     1 |       |       ||     1
  Eat: Chunk             |       |     8 |    11 |    19 ||    38
Armor: Skin              |    19 |   104 |    76 |   188 ||   387
Dodge: Dodged            |    15 |   149 |   155 |   518 ||   837
Block: Shield            |    19 |   177 |   241 |   759 ||  1196
